Pick #1

Connor Bedard
Pick #2

Leo Carlsson
Pick #3

Adam Fantilli
Pick #4

Matvei Michkov
Pick #5

David Reinbacher
Pick #6

William Smith
Pick #7

Zachary Benson
Pick #8

Ryan Leonard
Pick #9

Gabriel Perreault
Pick #10

Axel Sandin-Pellika
Pick #11

Daniil But
Pick #12

Dalibor Dvorsky
Pick #13

Quentin Musty
Pick #14

Brayden Yager
Pick #15

Dmitry Simashev
Pick #16

Colby Barlow
Pick #17

Andrew Cristall
Pick #18

Easton Cowan
Pick #19

Jacob Fowler
Pick #20

Oliver Moore
Pick #21

Oliver Bonk
Pick #22

Tom Willander
Pick #23

Calum Ritchie
Pick #24

Tanner Molendyk
Pick #25

Gavin Brindley
Pick #26

Nate Danielson
Pick #27

Pick #28

Pick #29

Pick #30

Pick #31

Pick #32

Pick #33

Pick #34

Pick #35

Pick #36

Pick #37

Pick #38

Pick #39

Pick #40

Pick #41

Pick #42

Pick #43

Pick #44

Pick #45

Pick #46

Pick #47

Pick #48

Pick #49

Pick #50

Pick #51

Pick #52

Pick #53

Pick #54

Pick #55

Pick #56

Pick #57

Pick #58

Pick #59

Pick #60

Pick #61

Pick #62

Pick #63

Pick #64

Pick #65

Pick #66

Pick #67

Pick #68

Pick #69

Pick #70

Pick #71

Pick #72

Pick #73

Pick #74

Pick #75

Pick #76

Pick #77

Pick #78

Pick #79

Pick #80

Pick #81

Pick #82

Pick #83

Pick #84

Pick #85

Pick #86

Pick #87

Pick #88

Pick #89

Pick #90

Pick #91

Pick #92

Pick #93

Pick #94

Pick #95

Pick #96

Pick #97

Pick #98

Pick #99

Pick #100

Pick #101

Pick #102

Pick #103

Pick #104

Pick #105

Pick #106

Pick #107

Pick #108

Pick #109

Pick #110

Pick #111

Pick #112

Pick #113

Pick #114

Pick #115

Pick #116

Pick #117

Pick #118

Pick #119

Pick #120

Pick #121

Pick #122

Pick #123

Pick #124

Pick #125

Pick #126

Pick #127

Pick #128

Pick #129

Pick #130

Full Scoreboard »»

Golden Knights vs Kings

Created - April 30, 2023 at 22:11

Goals
1 2 3 T
Golden Knights 1 0 0 1
Kings 0 0 2 2
Shots
1 2 3 T
Golden Knights 11 8 6 25
Kings 9 8 10 27

GoalsPenalties
1st period
1. Golden Knights , Kirby Dach 2 (Torey Krug 6, Jakob Chychrun 6) at 1:19
No Penalty
2nd period
No Goal
Blake Coleman (VGK) for Interference (Minor) at 15:06
Alexander Edler (LOS) for Hooking (Minor) at 17:29
3rd period
2. Kings , Alex Ovechkin 6 (Ryan Suter 4, Jonathan Huberdeau 4) at 9:56
3. Kings , Logan Couture 5 (Mattias Ekholm 4, Jaccob Slavin 4) at 15:31
Tyler Motte (LOS) for Roughing (Minor) at 2:41
Nick Suzuki (VGK) for Hooking (Minor) at 10:03
Goalie Stats
Ilya Samsonov (VGK), 25 saves from 27 shots - (0.926), L, 6-5-0, 59:30 minutes
Marc-Andre Fleury (LOS), 24 saves from 25 shots - (0.960), W, 6-4-0, 60:00 minutes
3 StarsOfficial
1 - Alex Ovechkin (LOS)
2 - Marc-Andre Fleury (LOS)
3 - Logan Couture (LOS)
Referees : Dan O'Halloran and Chris Rooney
Linesman : Bryan Pancich and Jim Harper
Game Note
No Game Note
Finance
Level 1 -- Attendance: 6500 (100.00%) -- Ticket Income $617,500
Level 2 -- Attendance: 5000 (100.00%) -- Ticket Income $375,000
Level 3 -- Attendance: 3500 (100.00%) -- Ticket Income $192,500
Level 4 -- Attendance: 2118 (100.00%) -- Ticket Income $84,720
Luxury Box -- Attendance: 1000 (100.00%) -- Ticket Income $225,000
Game was played at the Staples Center.
Total Attendance: 18118 (100.00%)
Total Ticket Income: $1,494,720
Other Income: $373,680
Total Income: $1,868,400



Team Name Goals Shots Shots Attemp Shots Blocked PIM HIT PP PK FO%
Golden Knights 1255064270 / 2 (0%)038%
Kings 2275484140 / 2 (0%)062%

Golden Knights
Player Name POS G A P +/- PIM HIT SHT SB MP PP MP PP SHT PK MP PK SHT FO% FOT
Artemi PanarinLW000-2002021:392:3101:100100% 1
Blake ColemanC0000220014:160:0001:55045% 20
Derek GrantC000000109:180:0003:02080% 5
Jake GuentzelLW0000021014:381:2700:4900% 0
Jakob ChychrunD0110030223:012:3102:2300% 0
Jakob SilfverbergRW0001000015:470:0000:04050% 2
Jason SpezzaC000000016:010:0000:00014% 7
Kirby DachC1011003017:101:2700:00040% 15
Marcus FolignoLW000001206:010:0000:000100% 1
Mark StoneRW000-2021020:292:3100:0000% 2
Miro HeiskanenD000-1021022:301:2701:3500% 0
Nick SuzukiC0001242018:011:2700:52025% 4
Sean WalkerD0000020014:290:0000:0000% 0
Timothy LiljegrenD0000000114:290:0000:0000% 0
Tomas HertlC000-2061020:182:3100:04025% 20
Torey KrugD0110013119:471:2712:2300% 0
Vladislav NamestnikovC0000003012:220:0000:0000% 0
Zach WerenskiD000-1025125:442:3111:3500% 0
Kings
Player Name POS G A P +/- PIM HIT SHT SB MP PP MP PP SHT PK MP PK SHT FO% FOT
Alex GoligoskiD000-1001012:250:0000:0000% 0
Alex OvechkinLW/RW1011032022:592:4101:290100% 1
Alex PietrangeloD0001022226:201:3612:2700% 0
Alexander EdlerD000-1210112:240:0000:0000% 0
Brandon SaadLW0000000010:550:0000:2300% 0
Jaccob SlavinD0111001218:530:0001:3100% 0
Jeff CarterC000000206:480:0000:00086% 7
Jon MarchessaultLW/RW0000002017:382:2200:00050% 2
Jonathan HuberdeauLW0111017121:302:4110:000100% 2
Jordan StaalC0000032014:432:4101:30043% 21
Logan CoutureC1010013012:141:1700:2500% 2
Matt DucheneC0001002020:251:3600:00069% 26
Mattias EkholmD0111020121:152:2201:3100% 0
Nic DowdC/RW000000009:160:0001:490100% 1
Ryan O'ReillyC0000001118:171:1711:05071% 14
Ryan SuterD0111001024:440:0002:2700% 0
Tyler MotteLW/RW000021008:410:0001:1500% 0
Vladimir TarasenkoRW0000001016:331:1700:0000% 1



Play-by-Play

1st period


0:01 of 1st period - Matt Duchene wins face-off versus Tomas Hertl in neutral zone.
0:45 of 1st period - Shot by Jonathan Huberdeau.
0:45 of 1st period - Stopped by Ilya Samsonov without a rebound.
0:46 of 1st period - Ryan O'Reilly wins face-off versus Kirby Dach in Golden Knights zone.
0:49 of 1st period - Shot by Ryan O'Reilly.
0:49 of 1st period - Shot Misses the Net.
0:54 of 1st period - Icing by Jakob Chychrun.
0:55 of 1st period - Kirby Dach wins face-off versus Jordan Staal in Golden Knights zone.
0:55 of 1st period - Kirby Dach is hit by Jordan Staal.
1:07 of 1st period - Shot by Nick Suzuki.
1:07 of 1st period - Shot Misses the Net.
1:19 of 1st period - Shot by Kirby Dach.
1:19 of 1st period - Goal by Kirby Dach - Golden Knights : 1 - Kings : 0.
1:20 of 1st period - Blake Coleman wins face-off versus Ryan O'Reilly in neutral zone.
1:26 of 1st period - Icing by Mattias Ekholm.
1:27 of 1st period - Blake Coleman wins face-off versus Ryan O'Reilly in Kings zone.
1:38 of 1st period - Shot by Jon Marchessault.
1:38 of 1st period - Deflect By Vladimir Tarasenko.
1:38 of 1st period - Shot Misses the Net.
2:10 of 1st period - Icing by Jakob Chychrun.
2:11 of 1st period - Jeff Carter wins face-off versus Blake Coleman in Golden Knights zone.
2:28 of 1st period - Shot by Ryan Suter.
2:28 of 1st period - Stopped by Ilya Samsonov without a rebound.
2:29 of 1st period - Alex Ovechkin wins face-off versus Jason Spezza in Golden Knights zone.
2:54 of 1st period - Shot by Derek Grant.
2:54 of 1st period - Shot Blocked by Jonathan Huberdeau.
2:56 of 1st period - Shot by Derek Grant.
2:56 of 1st period - Stopped by Marc-Andre Fleury without a rebound.
2:57 of 1st period - Nick Suzuki wins face-off versus Logan Couture in Kings zone.
3:06 of 1st period - Jakob Silfverberg is hit by Jordan Staal and loses puck.
3:19 of 1st period - Shot by Logan Couture.
3:19 of 1st period - Stopped by Ilya Samsonov without a rebound.
3:20 of 1st period - Matt Duchene wins face-off versus Mark Stone in Golden Knights zone.
3:20 of 1st period - Matt Duchene is hit by Torey Krug.
3:31 of 1st period - Matt Duchene is hit by Jakob Chychrun.
3:48 of 1st period - Shot by Tomas Hertl.
3:48 of 1st period - Stopped by Marc-Andre Fleury without a rebound.
3:49 of 1st period - Ryan O'Reilly wins face-off versus Kirby Dach in Kings zone.
3:56 of 1st period - Shot by Vladimir Tarasenko.
3:56 of 1st period - Shot Misses the Net.
5:14 of 1st period - Shot by Artemi Panarin.
5:14 of 1st period - Stopped by Marc-Andre Fleury without a rebound.
5:15 of 1st period - Matt Duchene wins face-off versus Blake Coleman in Kings zone.
5:42 of 1st period - Shot by Jake Guentzel.
5:42 of 1st period - Shot Hit the Post.
5:58 of 1st period - Shot by Alex Ovechkin.
5:58 of 1st period - Shot Misses the Net.
6:12 of 1st period - Jaccob Slavin is hit by Jake Guentzel and loses puck.
7:40 of 1st period - Shot by Kirby Dach.
7:40 of 1st period - Stopped by Marc-Andre Fleury without a rebound.
7:41 of 1st period - Jonathan Huberdeau wins face-off versus Jason Spezza in Kings zone.
7:46 of 1st period - Shot by Jason Spezza.
7:46 of 1st period - Shot Misses the Net.
7:48 of 1st period - Shot by Zach Werenski.
7:48 of 1st period - Stopped by Marc-Andre Fleury without a rebound.
7:49 of 1st period - Kirby Dach wins face-off versus Matt Duchene in Kings zone.
7:54 of 1st period - Shot by Kirby Dach.
7:54 of 1st period - Stopped by Marc-Andre Fleury without a rebound.
7:55 of 1st period - Matt Duchene wins face-off versus Jason Spezza in Kings zone.
8:22 of 1st period - Shot by Miro Heiskanen.
8:22 of 1st period - Stopped by Marc-Andre Fleury without a rebound.
8:23 of 1st period - Ryan O'Reilly wins face-off versus Kirby Dach in Kings zone.
8:30 of 1st period - Alexander Edler is hit by Nick Suzuki and loses puck.
9:47 of 1st period - Shot by Tomas Hertl.
9:47 of 1st period - Shot Misses the Net.
9:49 of 1st period - Shot by Zach Werenski.
9:49 of 1st period - Stopped by Marc-Andre Fleury without a rebound.
9:50 of 1st period - Blake Coleman wins face-off versus Jordan Staal in Kings zone.
10:50 of 1st period - Icing by Blake Coleman.
10:51 of 1st period - Matt Duchene wins face-off versus Blake Coleman in Golden Knights zone.
11:14 of 1st period - Ryan Suter is hit by Miro Heiskanen and loses puck.
11:27 of 1st period - Shot by Jonathan Huberdeau.
11:27 of 1st period - Stopped by Ilya Samsonov with a rebound.
11:35 of 1st period - Ryan Suter is hit by Tomas Hertl and loses puck.
11:45 of 1st period - Alex Pietrangelo is hit by Tomas Hertl and loses puck.
12:09 of 1st period - Icing by Alex Goligoski.
12:10 of 1st period - Ryan O'Reilly wins face-off versus Kirby Dach in Kings zone.
12:10 of 1st period - Ryan O'Reilly is hit by Nick Suzuki.
13:12 of 1st period - Shot by Tyler Motte.
13:12 of 1st period - Shot Misses the Net.
13:15 of 1st period - Tyler Motte is hit by Sean Walker.
13:27 of 1st period - Shot by Tyler Motte.
13:27 of 1st period - Shot Blocked by Jason Spezza.
13:29 of 1st period - Shot by Mattias Ekholm.
13:29 of 1st period - Shot Misses the Net.
13:31 of 1st period - Shot by Jaccob Slavin.
13:31 of 1st period - Stopped by Ilya Samsonov without a rebound.
13:32 of 1st period - Matt Duchene wins face-off versus Blake Coleman in Golden Knights zone.
13:39 of 1st period - Shot by Matt Duchene.
13:39 of 1st period - Stopped by Ilya Samsonov without a rebound.
13:40 of 1st period - Matt Duchene wins face-off versus Tomas Hertl in Golden Knights zone.
13:44 of 1st period - Icing by Zach Werenski.
13:45 of 1st period - Artemi Panarin wins face-off versus Matt Duchene in Golden Knights zone.
14:16 of 1st period - Shot by Artemi Panarin.
14:16 of 1st period - Shot Misses the Net.
15:47 of 1st period - Jordan Staal is hit by Sean Walker.
16:05 of 1st period - Shot by Vladimir Tarasenko.
16:05 of 1st period - Stopped by Ilya Samsonov without a rebound.
16:06 of 1st period - Jeff Carter wins face-off versus Jason Spezza in Golden Knights zone.
16:15 of 1st period - Shot by Jeff Carter.
16:15 of 1st period - Shot Misses the Net.
16:45 of 1st period - Shot by Marcus Foligno.
16:45 of 1st period - Stopped by Marc-Andre Fleury without a rebound.
16:46 of 1st period - Ryan O'Reilly wins face-off versus Tomas Hertl in Kings zone.
17:05 of 1st period - Vladimir Tarasenko is hit by Mark Stone and loses puck.
17:10 of 1st period - Shot by Mark Stone.
17:10 of 1st period - Shot Blocked by Alex Pietrangelo.
17:50 of 1st period - Jake Guentzel is hit by Alex Ovechkin and loses puck.
18:05 of 1st period - Shot by Alex Ovechkin.
18:05 of 1st period - Deflect By Jonathan Huberdeau.
18:05 of 1st period - Stopped by Ilya Samsonov without a rebound.
18:06 of 1st period - Jakob Silfverberg wins face-off versus Logan Couture in Golden Knights zone.
18:06 of 1st period - Jakob Silfverberg is hit by Logan Couture.
18:32 of 1st period - Shot by Jordan Staal.
18:32 of 1st period - Shot Misses the Net.
19:35 of 1st period - Shot by Jonathan Huberdeau.
19:35 of 1st period - Stopped by Ilya Samsonov without a rebound.
19:36 of 1st period - Blake Coleman wins face-off versus Ryan O'Reilly in Golden Knights zone.
19:45 of 1st period - Shot by Jake Guentzel.
19:45 of 1st period - Stopped by Marc-Andre Fleury without a rebound.
19:46 of 1st period - Ryan O'Reilly wins face-off versus Jason Spezza in Kings zone.
Goals for this period are 1 for Golden Knights vs 0 for Kings.
Shots for this period are 11 for Golden Knights vs 9 for Kings.

2nd period


0:01 of 2nd period - Matt Duchene wins face-off versus Blake Coleman in neutral zone.
0:09 of 2nd period - Jakob Chychrun is hit by Alex Ovechkin and loses puck.
0:15 of 2nd period - Zach Werenski is hit by Alex Pietrangelo and loses puck.
0:33 of 2nd period - Alex Pietrangelo is hit by Jakob Chychrun and loses puck.
0:58 of 2nd period - Timothy Liljegren is hit by Jonathan Huberdeau and loses puck.
1:21 of 2nd period - Shot by Jon Marchessault.
1:21 of 2nd period - Stopped by Ilya Samsonov without a rebound.
1:22 of 2nd period - Kirby Dach wins face-off versus Jordan Staal in Golden Knights zone.
1:22 of 2nd period - Kirby Dach is hit by Jordan Staal.
1:46 of 2nd period - Shot by Nick Suzuki.
1:46 of 2nd period - Deflect By Kirby Dach.
1:46 of 2nd period - Shot Misses the Net.
1:54 of 2nd period - Shot by Nick Suzuki.
1:54 of 2nd period - Shot Hit the Post.
1:56 of 2nd period - Shot by Kirby Dach.
1:56 of 2nd period - Shot Misses the Net.
1:58 of 2nd period - Shot by Zach Werenski.
1:58 of 2nd period - Shot Misses the Net.
2:00 of 2nd period - Shot by Miro Heiskanen.
2:00 of 2nd period - Shot Blocked by Alexander Edler.
2:28 of 2nd period - Shot by Artemi Panarin.
2:28 of 2nd period - Deflect By Mark Stone.
2:28 of 2nd period - Stopped by Marc-Andre Fleury without a rebound.
2:29 of 2nd period - Jeff Carter wins face-off versus Blake Coleman in Kings zone.
2:29 of 2nd period - Jeff Carter is hit by Blake Coleman.
2:43 of 2nd period - Shot by Jeff Carter.
2:43 of 2nd period - Stopped by Ilya Samsonov without a rebound.
2:44 of 2nd period - Matt Duchene wins face-off versus Tomas Hertl in Golden Knights zone.
2:53 of 2nd period - Alex Ovechkin is hit by Tomas Hertl and loses puck.
3:17 of 2nd period - Icing by Torey Krug.
3:18 of 2nd period - Ryan O'Reilly wins face-off versus Tomas Hertl in Golden Knights zone.
3:18 of 2nd period - Vladimir Tarasenko is hit by Jakob Chychrun and loses puck.
4:04 of 2nd period - Icing by Tomas Hertl.
4:05 of 2nd period - Jonathan Huberdeau wins face-off versus Tomas Hertl in Golden Knights zone.
4:12 of 2nd period - Shot by Jonathan Huberdeau.
4:12 of 2nd period - Stopped by Ilya Samsonov with a rebound.
4:35 of 2nd period - Nick Suzuki is hit by Mattias Ekholm and loses puck.
4:52 of 2nd period - Shot by Kirby Dach.
4:52 of 2nd period - Shot Misses the Net.
4:54 of 2nd period - Shot by Nick Suzuki.
4:54 of 2nd period - Stopped by Marc-Andre Fleury without a rebound.
4:55 of 2nd period - Jeff Carter wins face-off versus Blake Coleman in Kings zone.
5:30 of 2nd period - Shot by Blake Coleman.
5:30 of 2nd period - Shot Misses the Net.
5:38 of 2nd period - Shot by Vladislav Namestnikov.
5:38 of 2nd period - Stopped by Marc-Andre Fleury without a rebound.
5:39 of 2nd period - Ryan O'Reilly wins face-off versus Kirby Dach in Kings zone.
5:51 of 2nd period - Icing by Miro Heiskanen.
5:52 of 2nd period - Matt Duchene wins face-off versus Kirby Dach in Golden Knights zone.
6:01 of 2nd period - Shot by Jonathan Huberdeau.
6:01 of 2nd period - Stopped by Ilya Samsonov without a rebound.
6:02 of 2nd period - Jason Spezza wins face-off versus Jon Marchessault in Golden Knights zone.
6:36 of 2nd period - Ryan O'Reilly is hit by Marcus Foligno and loses puck.
7:07 of 2nd period - Shot by Kirby Dach.
7:07 of 2nd period - Shot Misses the Net.
7:09 of 2nd period - Shot by Nick Suzuki.
7:09 of 2nd period - Shot Blocked by Alex Pietrangelo.
7:11 of 2nd period - Shot by Zach Werenski.
7:11 of 2nd period - Stopped by Marc-Andre Fleury without a rebound.
7:12 of 2nd period - Matt Duchene wins face-off versus Blake Coleman in Kings zone.
7:12 of 2nd period - Matt Duchene is hit by Blake Coleman.
7:37 of 2nd period - Icing by Mattias Ekholm.
7:38 of 2nd period - Tomas Hertl wins face-off versus Matt Duchene in Kings zone.
8:02 of 2nd period - Shot by Zach Werenski.
8:02 of 2nd period - Stopped by Marc-Andre Fleury without a rebound.
8:03 of 2nd period - Jordan Staal wins face-off versus Nick Suzuki in Kings zone.
8:19 of 2nd period - Shot by Brandon Saad.
8:19 of 2nd period - Shot Blocked by Jakob Chychrun.
8:21 of 2nd period - Shot by Brandon Saad.
8:21 of 2nd period - Shot Blocked by Torey Krug.
8:23 of 2nd period - Shot by Logan Couture.
8:23 of 2nd period - Stopped by Ilya Samsonov without a rebound.
8:24 of 2nd period - Ryan O'Reilly wins face-off versus Mark Stone in Golden Knights zone.
9:28 of 2nd period - Shot by Jake Guentzel.
9:28 of 2nd period - Deflect By Blake Coleman.
9:28 of 2nd period - Shot Misses the Net.
9:30 of 2nd period - Shot by Vladislav Namestnikov.
9:30 of 2nd period - Stopped by Marc-Andre Fleury without a rebound.
9:31 of 2nd period - Matt Duchene wins face-off versus Kirby Dach in Kings zone.
9:31 of 2nd period - Matt Duchene is hit by Nick Suzuki.
10:13 of 2nd period - Shot by Matt Duchene.
10:13 of 2nd period - Shot Hit the Post.
10:17 of 2nd period - Shot by Jonathan Huberdeau.
10:17 of 2nd period - Deflect By Matt Duchene.
10:17 of 2nd period - Stopped by Ilya Samsonov without a rebound.
10:18 of 2nd period - Blake Coleman wins face-off versus Jordan Staal in Golden Knights zone.
12:37 of 2nd period - Shot by Jakob Silfverberg.
12:37 of 2nd period - Shot Misses the Net.
13:44 of 2nd period - Miro Heiskanen is hit by Alexander Edler.
14:04 of 2nd period - Shot by Logan Couture.
14:04 of 2nd period - Shot Blocked by Zach Werenski.
14:06 of 2nd period - Shot by Jordan Staal.
14:06 of 2nd period - Shot Misses the Net.
14:24 of 2nd period - Shot by Logan Couture.
14:24 of 2nd period - Shot Misses the Net.
15:01 of 2nd period - Icing by Jaccob Slavin.
15:02 of 2nd period - Blake Coleman wins face-off versus Matt Duchene in Kings zone.
15:06 of 2nd period - Minor Penalty to Blake Coleman for Interference.
15:07 of 2nd period - Derek Grant wins face-off versus Jordan Staal in Golden Knights zone.
15:42 of 2nd period - Shot by Mattias Ekholm.
15:42 of 2nd period - Shot Misses the Net.
15:49 of 2nd period - Icing by Mattias Ekholm.
15:50 of 2nd period - Derek Grant wins face-off versus Jordan Staal in Kings zone.
16:00 of 2nd period - Icing by Jon Marchessault.
16:01 of 2nd period - Derek Grant wins face-off versus Jordan Staal in Kings zone.
17:08 of 2nd period - Shot by Jeff Carter.
17:08 of 2nd period - Stopped by Ilya Samsonov without a rebound.
17:09 of 2nd period - Jeff Carter wins face-off versus Blake Coleman in Golden Knights zone.
17:29 of 2nd period - Minor Penalty to Alexander Edler for Hooking.
17:30 of 2nd period - Nic Dowd wins face-off versus Tomas Hertl in Kings zone.
18:03 of 2nd period - Tomas Hertl is hit by Tyler Motte and loses puck.
18:26 of 2nd period - Off-side.
18:27 of 2nd period - Jordan Staal wins face-off versus Nick Suzuki in neutral zone.
18:27 of 2nd period - Jordan Staal is hit by Nick Suzuki.
19:05 of 2nd period - Shot by Torey Krug.
19:05 of 2nd period - Stopped by Marc-Andre Fleury without a rebound.
19:06 of 2nd period - Tomas Hertl wins face-off versus Jordan Staal in Kings zone.
19:07 of 2nd period - Shot by Zach Werenski.
19:07 of 2nd period - Stopped by Marc-Andre Fleury without a rebound.
19:08 of 2nd period - Jordan Staal wins face-off versus Tomas Hertl in Kings zone.
19:27 of 2nd period - Shot by Jakob Chychrun.
19:27 of 2nd period - Deflect By Artemi Panarin.
19:27 of 2nd period - Shot Misses the Net.
19:29 of 2nd period - Shot by Zach Werenski.
19:29 of 2nd period - Shot Blocked by Jaccob Slavin.
19:47 of 2nd period - Shot by Alex Ovechkin.
19:47 of 2nd period - Shot Misses the Net.
19:55 of 2nd period - Shot by Alex Ovechkin.
19:55 of 2nd period - Stopped by Ilya Samsonov without a rebound.
19:56 of 2nd period - Kirby Dach wins face-off versus Vladimir Tarasenko in Golden Knights zone.
Goals for this period are 0 for Golden Knights vs 0 for Kings.
Shots for this period are 8 for Golden Knights vs 8 for Kings.

3rd period


0:01 of 3rd period - Matt Duchene wins face-off versus Tomas Hertl in neutral zone.
0:07 of 3rd period - Zach Werenski is hit by Alex Ovechkin and loses puck.
0:28 of 3rd period - Ryan Suter is hit by Tomas Hertl and loses puck.
1:07 of 3rd period - Shot by Jakob Chychrun.
1:07 of 3rd period - Deflect By Jakob Silfverberg.
1:07 of 3rd period - Shot Blocked by Jaccob Slavin.
2:41 of 3rd period - Minor Penalty to Tyler Motte for Roughing.
2:42 of 3rd period - Tomas Hertl wins face-off versus Jordan Staal in Kings zone.
4:59 of 3rd period - Shot by Marcus Foligno.
4:59 of 3rd period - Stopped by Marc-Andre Fleury without a rebound.
5:00 of 3rd period - Blake Coleman wins face-off versus Jeff Carter in Kings zone.
6:16 of 3rd period - Shot by Nick Suzuki.
6:16 of 3rd period - Deflect By Kirby Dach.
6:16 of 3rd period - Shot Blocked by Ryan O'Reilly.
6:35 of 3rd period - Off-side.
6:36 of 3rd period - Matt Duchene wins face-off versus Tomas Hertl in neutral zone.
6:51 of 3rd period - Shot by Torey Krug.
6:51 of 3rd period - Stopped by Marc-Andre Fleury without a rebound.
6:52 of 3rd period - Jordan Staal wins face-off versus Jason Spezza in Kings zone.
7:06 of 3rd period - Icing by Timothy Liljegren.
7:07 of 3rd period - Marcus Foligno wins face-off versus Matt Duchene in Golden Knights zone.
7:33 of 3rd period - Sean Walker is hit by Alex Pietrangelo and loses puck.
8:09 of 3rd period - Mark Stone is hit by Mattias Ekholm and loses puck.
8:17 of 3rd period - Vladimir Tarasenko is hit by Tomas Hertl and loses puck.
8:39 of 3rd period - Icing by Mattias Ekholm.
8:40 of 3rd period - Jon Marchessault wins face-off versus Jakob Silfverberg in Kings zone.
9:04 of 3rd period - Shot by Jakob Silfverberg.
9:04 of 3rd period - Shot Blocked by Mattias Ekholm.
9:08 of 3rd period - Shot by Nick Suzuki.
9:08 of 3rd period - Shot Misses the Net.
9:10 of 3rd period - Shot by Torey Krug.
9:10 of 3rd period - Stopped by Marc-Andre Fleury without a rebound.
9:11 of 3rd period - Blake Coleman wins face-off versus Matt Duchene in Kings zone.
9:18 of 3rd period - Shot by Jake Guentzel.
9:18 of 3rd period - Shot Hit the Post.
9:20 of 3rd period - Shot by Vladislav Namestnikov.
9:20 of 3rd period - Stopped by Marc-Andre Fleury without a rebound.
9:21 of 3rd period - Matt Duchene wins face-off versus Tomas Hertl in Kings zone.
9:21 of 3rd period - Matt Duchene is hit by Tomas Hertl.
9:26 of 3rd period - Icing by Alex Pietrangelo.
9:27 of 3rd period - Tomas Hertl wins face-off versus Matt Duchene in Kings zone.
9:32 of 3rd period - Shot by Artemi Panarin.
9:32 of 3rd period - Stopped by Marc-Andre Fleury without a rebound.
9:33 of 3rd period - Matt Duchene wins face-off versus Tomas Hertl in Kings zone.
9:56 of 3rd period - Shot by Alex Ovechkin.
9:56 of 3rd period - Goal by Alex Ovechkin - Golden Knights : 1 - Kings : 1.
9:57 of 3rd period - Kirby Dach wins face-off versus Ryan O'Reilly in neutral zone.
10:03 of 3rd period - Minor Penalty to Nick Suzuki for Hooking.
10:04 of 3rd period - Jordan Staal wins face-off versus Derek Grant in Golden Knights zone.
10:11 of 3rd period - Shot by Jonathan Huberdeau.
10:11 of 3rd period - Stopped by Ilya Samsonov without a rebound.
10:12 of 3rd period - Derek Grant wins face-off versus Jordan Staal in Golden Knights zone.
11:26 of 3rd period - Shot by Ryan O'Reilly.
11:26 of 3rd period - Stopped by Ilya Samsonov with a rebound.
11:28 of 3rd period - Shot by Mattias Ekholm.
11:28 of 3rd period - Shot Blocked by Jakob Chychrun.
11:58 of 3rd period - Shot by Alex Pietrangelo.
11:58 of 3rd period - Stopped by Ilya Samsonov without a rebound.
11:59 of 3rd period - Tomas Hertl wins face-off versus Jordan Staal in Golden Knights zone.
12:28 of 3rd period - Shot by Alex Goligoski.
12:28 of 3rd period - Stopped by Ilya Samsonov without a rebound.
12:29 of 3rd period - Kirby Dach wins face-off versus Matt Duchene in Golden Knights zone.
12:35 of 3rd period - Shot by Nick Suzuki.
12:35 of 3rd period - Stopped by Marc-Andre Fleury without a rebound.
12:36 of 3rd period - Jordan Staal wins face-off versus Nick Suzuki in Kings zone.
12:54 of 3rd period - Shot by Logan Couture.
12:54 of 3rd period - Shot Misses the Net.
12:56 of 3rd period - Shot by Logan Couture.
12:56 of 3rd period - Shot Misses the Net.
13:08 of 3rd period - Shot by Logan Couture.
13:08 of 3rd period - Shot Hit the Post.
13:10 of 3rd period - Shot by Alex Pietrangelo.
13:10 of 3rd period - Stopped by Ilya Samsonov without a rebound.
13:11 of 3rd period - Matt Duchene wins face-off versus Tomas Hertl in Golden Knights zone.
13:11 of 3rd period - Matt Duchene is hit by Miro Heiskanen.
13:38 of 3rd period - Mattias Ekholm is hit by Mark Stone and loses puck.
13:45 of 3rd period - Shot by Jonathan Huberdeau.
13:45 of 3rd period - Shot Misses the Net.
13:49 of 3rd period - Shot by Jonathan Huberdeau.
13:49 of 3rd period - Shot Misses the Net.
14:02 of 3rd period - Off-side.
14:03 of 3rd period - Ryan O'Reilly wins face-off versus Kirby Dach in neutral zone.
14:15 of 3rd period - Shot by Jon Marchessault.
14:15 of 3rd period - Shot Misses the Net.
14:40 of 3rd period - Shot by Jon Marchessault.
14:40 of 3rd period - Stopped by Ilya Samsonov without a rebound.
14:41 of 3rd period - Jordan Staal wins face-off versus Blake Coleman in Golden Knights zone.
14:42 of 3rd period - Shot by Logan Couture.
14:42 of 3rd period - Shot Blocked by Timothy Liljegren.
14:44 of 3rd period - Shot by Jordan Staal.
14:44 of 3rd period - Stopped by Ilya Samsonov without a rebound.
14:45 of 3rd period - Blake Coleman wins face-off versus Jordan Staal in Golden Knights zone.
15:10 of 3rd period - Icing by Jordan Staal.
15:11 of 3rd period - Jordan Staal wins face-off versus Tomas Hertl in Kings zone.
15:15 of 3rd period - Icing by Mattias Ekholm.
15:16 of 3rd period - Jordan Staal wins face-off versus Tomas Hertl in Kings zone.
15:31 of 3rd period - Shot by Logan Couture.
15:31 of 3rd period - Goal by Logan Couture - Golden Knights : 1 - Kings : 2.
15:32 of 3rd period - Matt Duchene wins face-off versus Kirby Dach in neutral zone.
15:40 of 3rd period - Jonathan Huberdeau is hit by Zach Werenski.
16:02 of 3rd period - Matt Duchene is hit by Zach Werenski and loses puck.
17:42 of 3rd period - Shot by Brandon Saad.
17:42 of 3rd period - Shot Misses the Net.
17:44 of 3rd period - Shot by Jordan Staal.
17:44 of 3rd period - Stopped by Ilya Samsonov without a rebound.
17:45 of 3rd period - Jeff Carter wins face-off versus Blake Coleman in Golden Knights zone.
18:51 of 3rd period - Alex Ovechkin is hit by Jake Guentzel and loses puck.
19:04 of 3rd period - Shot by Alex Ovechkin.
19:04 of 3rd period - Shot Misses the Net.
19:30 of 3rd period - Golden Knights, Ilya Samsonov is pulled from the net.
Goals for this period are 0 for Golden Knights vs 2 for Kings.
Shots for this period are 6 for Golden Knights vs 10 for Kings.